 Dungeon Crawl Stone Soup version 0.30-a0-368-g86fb4627a9 (webtiles) character file.

Game seed: 16226554463157799447

474 JOEMAMA2 the Slasher (level 6, -1/84 HPs)
             Began as a Minotaur Berserker on Nov 19, 2022.
             Was a Priest of Trog.
             Succumbed to a gnoll's poison
             ... on level 4 of the Dungeon.
             The game lasted 00:04:38 (3165 turns).

JOEMAMA2 the Slasher (Minotaur Berserker)           Turns: 3165, Time: 00:04:38

Health: -1/84      AC: 13    Str: 23    XL:     6   Next: 84%
Magic:  5/5        EV:  7    Int:  4    God:    Trog [***...]
Gold:   208        SH:  0    Dex: 10    Spells: 5/5 levels left

rFire   . . .      SeeInvis .    n - +1 falchion (holy)
rCold   . . .      Faith    .    (no shield)
rNeg    . . .      Spirit   .    f - +0 plate armour
rPois   .          Reflect  .    (helmet restricted)
rElec   .          Harm     .    (no cloak)
rCorr   .          Rampage  .    (no gloves)
Will    .....                    p - +0 pair of boots
Stlth   ..........               (no amulet)
HPRegen 0.34/turn                (no ring)
MPRegen 0.09/turn                (no ring)

@: berserking, lethally poisoned (-1 -> -18), very quick
A: horns 2, retaliatory headbutt
a: Renounce Religion, Berserk, Trog's Hand


You were on level 4 of the Dungeon.
You worshipped Trog.
Trog was most pleased with you.
You visited 1 branch of the dungeon, and saw 4 of its levels.

You collected 208 gold pieces.

Inventory:

Hand Weapons
 a - a +0 falchion
 n - a +1 falchion of holy wrath (weapon)
Armour
 b - a +0 animal skin
 f - a +0 plate armour (worn)
 p - a +0 pair of boots (worn)
Jewellery
 k - an amulet of guardian spirit
 l - a ring of positive energy
Wands
 r - a wand of flame (5)
 t - a wand of iceblast (4)
Scrolls
 c - 2 scrolls of teleportation {unknown}
 d - 3 scrolls of enchant armour {unknown}
 g - a scroll of silence {unknown}
 j - a scroll of blinking {unknown}
 m - a scroll of enchant weapon {unknown}
 o - 2 scrolls of identify {unknown}
 s - 2 scrolls of noise {unknown}
Potions
 e - 3 potions of heal wounds {unknown}
 h - a potion of lignification {unknown}
 i - 3 potions of haste {unknown}
 q - 2 potions of attraction {unknown}
 u - a potion of invisibility {unknown}


   Skills:
 + Level 5.4 Fighting
 + Level 6.9 Long Blades
 + Level 5.0 Armour
 + Level 2.6 Dodging
 + Level 0.2 Stealth


You had 5 spell levels left.
You didn't know any spells.
Your spell library was empty.

Dungeon Overview and Level Annotations

Branches:
Dungeon (4/15)             Temple (0/1) D:4

Altars:


Innate Abilities, Weirdness & Mutations

You have a pair of horns on your head.
You reflexively headbutt those who attack you in melee.


Message History

The gnoll hits you but does no damage.
You hit the gnoll but do no damage.
The gnoll is moderately wounded.
You feel very sick.
The gnoll hits you from afar with a +0 spear.
The gnoll hits you but does no damage. The gnoll barely misses you.
The gnoll attacks as you move away! The gnoll hits you but does no damage.
You feel very sick. The gnoll hits you with a +0 spear.
The gnoll hits you with a +1 spear of venom.
You are lethally poisoned!
* * * LOW HITPOINT WARNING * * *
You feel very sick. The gnoll barely misses you. x2
* * * LOW HITPOINT WARNING * * *
You feel very sick. The gnoll hits you but does no damage.
The gnoll barely misses you. You furiously retaliate!
You headbutt the gnoll.
A red film seems to cover your vision as you go berserk!
You feel yourself moving faster!
You feel mighty!
* * * LOW HITPOINT WARNING * * *
You feel very sick. The gnoll barely misses you. You furiously retaliate!
You headbutt the gnoll!
You kill the gnoll!
Trog accepts your kill.
The gnoll hits you from afar with a +1 spear of venom.
* * * LOW HITPOINT WARNING * * *
You are more poisoned.
The gnoll hits you with a +0 spear.
* * * LOW HITPOINT WARNING * * *
You slash the gnoll!
You kill the gnoll!
Trog accepts your kill.
* * * LOW HITPOINT WARNING * * *
You feel very sick. The gnoll misses you.
Your Armour skill increases to level 5!
You are too berserk!
You closely miss the gnoll.
You die...

...####.###
..#......)........
#.#.##########.### ###.#.#
..#....#.### .......
..'....'..[.
#.#.#.#.#.#....#.###
#.#.#.#.#.######.# #
#..#####.#.#.....######.# #
#>.......g@..#.###......###
#.######g).................
<........#.###.########
########.#.#...........
..........#.#.#######.
#######.###.#.....>.#.
...#.# #.#.#.....#.
.######.#.# #.#.#######.
..........###'#.........


You could see 2 gnolls.

Vanquished Creatures
  An ogre (D:4)
  A necrophage (D:4)
  A hound (D:3)
  A gnoll bouda (D:4)
  An iguana (D:4)
  Ijyb (D:4)
  Terence (D:3)
  7 gnolls (D:4)
  6 adders
  9 dart slugs
  5 endoplasms
  2 giant cockroaches
  4 goblins
  A hobgoblin (D:4)
  10 jackals
  3 kobolds
  2 quokkas
  4 ball pythons
  3 bats
  A frilled lizard (D:3)
  3 rats
67 creatures vanquished.

Notes
Turn   | Place    | Note
-------+----------+-------------------------------------------
     0 | D:1      | JOEMAMA2 the Minotaur Berserker began the quest for the
                  | Orb.
     0 | D:1      | Reached XP level 1. HP: 19/19 MP: 0/0
   374 | D:1      | Reached XP level 2. HP: 15/27 MP: 1/1
   739 | D:1      | Reached skill level 4 in Long Blades
  1121 | D:2      | Reached XP level 3. HP: 25/33 MP: 2/2
  1272 | D:2      | Found a faded altar of an unknown god.
  1618 | D:3      | Reached ** piety under Trog
  1747 | D:3      | Noticed Terence
  1763 | D:3      | Killed Terence
  1764 | D:3      | Reached skill level 5 in Long Blades
  1764 | D:3      | Reached XP level 4. HP: 17/40 MP: 3/3
  2231 | D:3      | Reached XP level 5. HP: 44/47 MP: 4/4
  2328 | D:4      | Noticed Ijyb
  2341 | D:4      | Killed Ijyb
  2429 | D:4      | Noticed an ogre
  2456 | D:4      | Killed an ogre
  2457 | D:4      | Reached skill level 5 in Fighting
  2457 | D:4      | Reached skill level 6 in Long Blades
  2457 | D:4      | Reached XP level 6. HP: 43/56 MP: 5/5
  3055 | D:4      | Found a staircase to the Ecumenical Temple.
  3164 | D:4      | Reached *** piety under Trog
  3164 | D:4      | HP: 2/84 [poisoned by a gnoll]
  3165 | D:4      | Reached skill level 5 in Armour
  3165 | D:4      | Succumbed to a gnoll's poison

Illustrated notes

Levels and vault maps discovered:
D:1:      saegor_arrival_simple_e, layout_loops_corners,
          chequers_serial_rivers_marsh
D:2:      layout_loops_ring, basic_ecumenical_altar
D:3:      layout_rooms, minmay_cupped, uniq_terence
D:4:      kennysheep_slugbush, layout_basic, amcnicky_altar_gilded,
          minmay_temple_entry_ruins, cheibrodos_gnoll_hut, uniq_ijyb

Skill      XL: |  1  2  3  4  5  6 |
---------------+-------------------+-----
Fighting       | 4 5 |  5.4
Long Blades    | 4 5 6 |  6.9
Armour         | 3 4 5 |  5.0
Dodging        | |  2.6
Stealth        | |  0.2

Action                   |  1- 3 |  4- 6 || total
-------------------------+-------+-------++-------
Melee: Falchion          |    81 |   120 ||   201
       Headbutt          |     9 |    19 ||    28
       Punch             |       |     1 ||     1
Invok: Berserk           |       |     3 ||     3
Armor: Animal skin       |     4 |       ||     4
       Plate armour      |    65 |   104 ||   169
Dodge: Dodged            |    40 |    51 ||    91

Table legend: (Time is in decaauts)
 A = Elapsed time spent in this place.
 B = Non-inter-level travel time spent in this place.
 C = Inter-level travel time spent in this place.
 D = Time resting spent in this place.
 E = Time spent auto-exploring this place.
 F = Levels seen in this place.
 G = Mean time per level.
                   A        B        C        D        E       F      G
               +--------+--------+--------+--------+--------+-----+--------+
         Total |   3200 |   3098 |    102 |    384 |   2078 |   4 |  800.0 |
       Dungeon |   3200 |   3098 |    102 |    384 |   2078 |   4 |  800.0 |
               +--------+--------+--------+--------+--------+-----+--------+

Top non-repeatable levels by time:
     D:1: 947 daAuts
     D:4: 862 daAuts
     D:3: 722 daAuts
     D:2: 667 daAuts
